 Dungeon Crawl Stone Soup version 0.29.0-4-gdea44cf6ec (webtiles) character file.

Game seed: 11189948303802361735

1292 qw the Cleaver (level 8, -3/46 HPs)
             Began as a Tengu Warper on Aug 28, 2022.
             Was a Believer of Okawaru.
             Slain by a killer bee (5 damage)
             ... on level 7 of the Dungeon.
             The game lasted 00:00:31 (5438 turns).

qw the Cleaver (Tengu Warper)                       Turns: 5438, Time: 00:00:31

Health: -3/46      AC: 14    Str: 14    XL:     8   Next: 56%
Magic:  11/12      EV: 11    Int: 13    God:    Okawaru [**....]
Gold:   265        SH:  0    Dex: 20    Spells: 11/11 levels left

rFire   . . .      SeeInvis .   Y - +0 hand axe
rCold   . . .      Faith    .   (no shield)
rNeg    . . .      Spirit   .   r - +0 chain mail
rPois   .          Reflect  .   (helmet restricted)
rElec   .          Harm     .   f - +0 cloak
rCorr   .          Rampage  .   e - +1 pair of gloves
Will    .....                   (boots unavailable)
Stlth   ..........              b - amulet "Sim Yxzo" {Will- Regen+ Dex+6}
HPRegen 0.95/turn               h - ring of willpower
MPRegen 0.13/turn               (no ring)

@: lethally poisoned (-3 -> -3), about to teleport, heroic, flying quickly and
evasively, quick
A: beak, talons 3, nimble flight
a: Renounce Religion, Heroism


You were on level 7 of the Dungeon.
You worshipped Okawaru.
Okawaru was pleased with you.
You visited 1 branch of the dungeon, and saw 7 of its levels.

You collected 379 gold pieces.
You spent 114 gold pieces at shops.


Innate Abilities, Weirdness & Mutations

You have a beak for a mouth.
You have claws for feet.
Your magical nature lets you fly swiftly and evasively.


   Skills:
 + Level 3.4(8.4) Fighting
 - Level 9.1(14.1) Axes
 - Level 1.0(6.0) Throwing
 - Level 3.1(8.1) Armour
 - Level 2.1(7.1) Dodging
 - Level 2.0 Spellcasting
 - Level 2.4 Translocations
 + Level 3.8 Invocations


You had 11 spell levels left.
You didn't know any spells.
Your spell library contained the following spells:

 Spells                   Type           Power      Damage    Failure   Level
 Blink                    Tloc           14%        N/A       94%         2
 Gell's Gravitas          Tloc           7%         N/A       99%         3
 Lesser Beckoning         Tloc           7%         N/A       99%         3
 Teleport Other           Tloc           7%         N/A       99%         3
 Manifold Assault         Tloc           7%         N/A       100%        5

Inventory:

Hand Weapons
 s - a +0 flail
 Y - a +0 hand axe (weapon)
Missiles
 i - 6 boomerangs (quivered)
Armour
 e - a +1 pair of gloves (worn)
 f - a +0 cloak (worn)
 r - a +0 chain mail (worn)
Jewellery
 b - the amulet "Sim Yxzo" (around neck) {Will- Regen+ Dex+6}
   (You acquired it on level 3 of the Dungeon)

   [amulet of regeneration]

   Dex:       It affects your dexterity (+6).
   Regen:     It increases your rate of health regeneration.
   Will:      It decreases your willpower.
 h - a ring of willpower (left hand)
Scrolls
 g - a scroll of identify
 p - a scroll of teleportation
Potions
 a - 3 potions of haste
 c - 2 potions of mutation
 d - a potion of brilliance {unknown}
 j - a potion of invisibility {unknown}
 k - 2 potions of curing
 l - a potion of ambrosia {unknown}
 o - 3 potions of might
 q - a potion of degeneration {unknown}

Dungeon Overview and Level Annotations

Branches:
Dungeon (7/15)
 Temple: D:4-7

Altars:
Elyvilon
Okawaru
Qazlal
Ru
Yredelemnul

Shops:
D:3 ?


Message History

You peck the killer bee, but do no damage.
The killer bee is almost dead.
You hit the white imp. You miss the killer bee. x2
You closely miss the killer bee.
You feel sick. The killer bee barely misses you.
The killer bee stings you but does no damage. x3
The killer bee closely misses you. The white imp closely misses you.
The killer bee stings you! The killer bee barely misses you.
The killer bee stings you.
You closely miss the killer bee. You peck the killer bee.
The killer bee is almost dead.
You closely miss the white imp. You closely miss the killer bee.
You hit the killer bee but do no damage. x2
You feel sick. The killer bee stings you.
The killer bee stings you but does no damage.
The killer bee closely misses you.
The killer bee stings you but does no damage.
You hit the killer bee.
You kill the killer bee!
Okawaru accepts your kill.
You closely miss the killer bee. You barely miss the killer bee.
You hit the white imp but do no damage. You miss the killer bee.
You feel sick.
The killer bee stings you but does no damage. x2
The white imp barely misses you.
You hit the killer bee. Your kick misses the killer bee.
The killer bee is heavily wounded.
You slash the white imp! You hit the killer bee.
You closely miss the killer bee.
You feel sick. The killer bee barely misses you. The killer bee stings you.
The killer bee closely misses you.
5438 ||| READING 2 scrolls of teleportation.
As you read the scroll of teleportation, it crumbles to dust.
You feel strangely unstable.
You feel sick.
The killer bee stings you but does no damage. x4
The white imp gestures at you. The puff of frost hits you.
The killer bee closely misses you. The killer bee stings you.
You die...

#.......#########
#.......##......#
#........#......#
#........#......#
.........'......#
.......<.#......#
.........#......# .
##......####y####....
#......##..y@.......
......#..#..yy5......
...........o.....####
.....###.........#
...#. #.#.......#
#.........#
....#.....#
##........#


You could see 4 killer bees, a white imp and an orc.

Vanquished Creatures
  Prince Ribbit (D:6)
  2 water moccasins
  A sky beast (D:7)
  2 ogres
  A necrophage (D:6)
  3 scorpions (D:5)
  A killer bee (D:7)
  A howler monkey (D:5)
  3 hounds (D:5)
  A jelly (D:5)
  An iguana (D:4)
  3 gnolls (D:4)
  5 adders
  2 white imps (D:6)
  2 ufetubi
  2 worms
  13 orcs
  6 bats
  10 endoplasms
  3 giant cockroaches
  7 goblins
  3 hobgoblins
  2 quokkas
  9 ball pythons
  2 frilled lizards (D:1)
  4 kobolds
  7 rats
97 creatures vanquished.

Vanquished Creatures (others)
  3 plants (D:2)
3 creatures vanquished.

Grand Total: 100 creatures vanquished

Notes
Turn   | Place    | Note
-------+----------+-------------------------------------------
     0 | D:1      | qw the Tengu Warper began the quest for the Orb.
     0 | D:1      | Reached XP level 1. HP: 12/12 MP: 4/4
     0 | D:1      | 0 ||| qw: Version: 0.1-a-89-g26bdef1
     0 | D:1      | 0 ||| qw: Game counter: 2605
     0 | D:1      | 0 ||| qw: Always use a shield: true
     0 | D:1      | 0 ||| qw: God list: Okawaru
     0 | D:1      | 0 ||| qw: Allow faded altars: false
     0 | D:1      | 0 ||| qw: Do Orc after D:15 true
     0 | D:1      | 0 ||| qw: Do second Lair branch before Depths: true
     0 | D:1      | 0 ||| qw: Lair rune preference: random
     0 | D:1      | 0 ||| qw: Plans: Normal
     0 | D:1      | 0 ||| PLANNING D:1-11
   136 | D:1      | Reached XP level 2. HP: 17/17 MP: 6/6
   145 | D:1      | Reached skill level 3 in Axes
   288 | D:1      | 288 ||| Stepping ~*~*~tactically~*~*~ (stealth).
   289 | D:1      | 289 ||| Stepping ~*~*~tactically~*~*~ (stealth).
  1076 | D:1      | Found a faded altar of an unknown god.
  1186 | D:1      | Reached XP level 3. HP: 19/21 MP: 7/7
  1270 | D:1      | 1270 ||| UPGRADING to +0 cloak.
  1275 | D:1      | 1275 ||| UPGRADING to amulet of the acrobat.
  1280 | D:1      | 1280 ||| READING scroll labelled BOSHUG TERIA.
  1398 | D:1      | 1398 ||| READING scroll labelled QUOCZU LAOLIUB.
  1399 | D:1      | 1399 ||| READING scroll labelled UGONITAPHO.
  1400 | D:1      | 1400 ||| READING scroll labelled KIAGHU ASUE.
  1401 | D:1      | 1401 ||| DROPPING scroll of blinking.
  1409 | D:2      | 1409 ||| STAIRDANCE
  1706 | D:2      | 1706 ||| Stepping ~*~*~tactically~*~*~ (stealth).
  1708 | D:2      | 1708 ||| Stepping ~*~*~tactically~*~*~ (stealth).
  1714 | D:2      | Reached skill level 4 in Axes
  1722 | D:2      | 1722 ||| Stepping ~*~*~tactically~*~*~ (stealth).
  1742 | D:2      | 1742 ||| Stepping ~*~*~tactically~*~*~ (stealth).
  1743 | D:2      | 1743 ||| Stepping ~*~*~tactically~*~*~ (stealth).
  1744 | D:2      | 1744 ||| Stepping ~*~*~tactically~*~*~ (stealth).
  1745 | D:2      | 1745 ||| Stepping ~*~*~tactically~*~*~ (stealth).
  2368 | D:2      | 2368 ||| DROPPING +0 club.
  2411 | D:2      | 2411 ||| UPGRADING to +0 pair of gloves.
  2416 | D:2      | 2416 ||| READING 2 scrolls labelled BASISU MUIQETHE.
  2441 | D:1      | 2441 ||| Stepping randomly (stuck).
  2612 | D:3      | Reached XP level 4. HP: 26/26 MP: 8/8
  2624 | D:3      | 2624 ||| Stepping ~*~*~tactically~*~*~ (stealth).
  2628 | D:3      | 2628 ||| FLEEEEING.
  2629 | D:3      | 2629 ||| FLEEEEING.
  2632 | D:3      | 2632 ||| FLEEEEING.
  2633 | D:3      | 2633 ||| FLEEEEING.
  2634 | D:3      | 2634 ||| FLEEEEING.
  2635 | D:3      | 2635 ||| FLEEEEING.
  2636 | D:3      | 2636 ||| FLEEEEING.
  2637 | D:3      | 2637 ||| FLEEEEING.
  2638 | D:3      | 2638 ||| FLEEEEING.
  2639 | D:3      | 2639 ||| FLEEEEING.
  2695 | D:3      | Found Corymy's Magic Scroll Boutique.
  2701 | D:3      | 2701 ||| BUYING scroll of enchant armour (90 gold).
  2701 | D:3      | Bought a scroll of enchant armour for 90 gold pieces
  2701 | D:3      | 2701 ||| SHOPLISTING scroll of enchant weapon (90 gold,
                  | have 58).
  2701 | D:3      | 2701 ||| BUYING scroll of identify (24 gold).
  2701 | D:3      | Bought a scroll of identify for 24 gold pieces
  2701 | D:3      | 2701 ||| SHOPLISTING scroll of teleportation (36 gold, have
                  | 34).
  2701 | D:3      | 2701 ||| READING scroll of enchant armour.
  2701 | D:3      | 2701 ||| ENCHANTING +0 pair of gloves.
  2704 | D:3      | 2704 ||| Stepping ~*~*~tactically~*~*~ (stealth).
  2706 | D:3      | 2706 ||| Stepping ~*~*~tactically~*~*~ (stealth).
  2708 | D:3      | 2708 ||| Stepping ~*~*~tactically~*~*~ (stealth).
  2721 | D:3      | 2721 ||| Stepping ~*~*~tactically~*~*~ (stealth).
  2737 | D:3      | 2737 ||| Stepping ~*~*~tactically~*~*~ (stealth).
  2748 | D:3      | 2748 ||| Stepping ~*~*~tactically~*~*~ (stealth).
  2752 | D:3      | 2752 ||| Stepping ~*~*~tactically~*~*~ (stealth).
  3092 | D:3      | 3092 ||| UPGRADING to +0 ring mail.
  3102 | D:3      | 3102 ||| DROPPING +0 leather armour.
  3103 | D:3      | 3103 ||| UPGRADING to +0 chain mail.
  3113 | D:3      | 3113 ||| DROPPING +0 ring mail.
  3114 | D:3      | 3114 ||| UPGRADING to ring of willpower.
  3115 | D:3      | 3115 ||| READING scroll labelled NOLOCW FULAGYU.
  3115 | D:3      | Identified a scroll of acquirement
  3115 | D:3      | 3115 ||| ACQUIRING amulet "Sim Yxzo" {Will- Regen+ Dex+6}
  3115 | D:3      | Acquired the amulet "Sim Yxzo" {Will- Regen+ Dex+6}
  3117 | D:3      | 3117 ||| UPGRADING to amulet "Sim Yxzo" {Will- Regen+
                  | Dex+6}.
  3127 | D:3      | 3127 ||| DROPPING amulet of the acrobat.
  3128 | D:3      | 3128 ||| DRINKING 2 brown potions.
  3154 | D:3      | 3154 ||| DRINKING 2 metallic dark potions.
  3155 | D:3      | 3155 ||| DRINKING 2 cyan potions.
  3156 | D:3      | 3156 ||| READING 3 scrolls of identify.
  3156 | D:3      | 3156 ||| IDENTIFYING black potion
  3157 | D:3      | 3157 ||| READING 2 scrolls of identify.
  3157 | D:3      | 3157 ||| IDENTIFYING murky blue potion
  3158 | D:3      | 3158 ||| DROPPING potion of lignification.
  3199 | D:4      | Reached skill level 5 in Axes
  3528 | D:4      | Gained mutation: Your magical nature lets you fly swiftly
                  | and evasively. [Tengu growth]
  3528 | D:4      | Reached XP level 5. HP: 30/30 MP: 9/9
  3732 | D:4      | 3732 ||| Stepping ~*~*~tactically~*~*~ (stealth).
  3994 | D:4      | 3994 ||| READING scroll labelled FUWNIC NEETIF.
  3997 | D:4      | 3997 ||| DRINKING 2 fizzy clear potions.
  3998 | D:4      | 3998 ||| READING 2 scrolls of identify.
  3998 | D:4      | 3998 ||| IDENTIFYING orange potion
  3999 | D:4      | 3999 ||| DROPPING potion of attraction.
  4000 | D:4      | 4000 ||| DROPPING potion of flight.
  4033 | D:5      | Entered Level 5 of the Dungeon
  4038 | D:5      | 4038 ||| STAIRDANCE
  4048 | D:5      | Reached skill level 6 in Axes
  4048 | D:5      | 4048 ||| STAIRDANCE
  4065 | D:5      | Found a white marble altar of Elyvilon.
  4077 | D:5      | Reached XP level 6. HP: 28/35 MP: 10/10
  4096 | D:5      | Found a sacrificial altar of Ru.
  4097 | D:5      | Found a basalt altar of Yredelemnul.
  4098 | D:5      | Found an iron altar of Okawaru.
  4101 | D:5      | Became a worshipper of Warmaster Okawaru
  4105 | D:5      | Found a stormy altar of Qazlal.
  4169 | D:5      | HP: 7/35 [ogre/+0 giant spiked club (5)]
  4172 | D:5      | Reached skill level 7 in Axes
  4285 | D:5      | Noticed a water moccasin
  4298 | D:5      | Killed a water moccasin
  4299 | D:5      | Reached skill level 3 in Fighting
  4299 | D:5      | Reached XP level 7. HP: 24/41 MP: 11/11
  4383 | D:5      | Reached skill level 3 in Armour
  4541 | D:5      | 4541 ||| Stepping ~*~*~tactically~*~*~ (stealth).
  4542 | D:5      | 4542 ||| Stepping ~*~*~tactically~*~*~ (stealth).
  4543 | D:5      | 4543 ||| Stepping ~*~*~tactically~*~*~ (stealth).
  4547 | D:5      | Reached * piety under Okawaru
  4612 | D:5      | 4612 ||| Stepping ~*~*~tactically~*~*~ (stealth).
  4613 | D:5      | 4613 ||| Stepping ~*~*~tactically~*~*~ (stealth).
  4623 | D:5      | Reached skill level 8 in Axes
  4623 | D:5      | Reached skill level 1 in Invocations
  4642 | D:5      | 4642 ||| DROPPING +0 whip.
  4783 | D:5      | 4783 ||| READING scroll labelled CYCATW MOROA.
  4784 | D:5      | 4784 ||| READING scroll of teleportation.
  4889 | D:6      | 4889 ||| INVOKING Heroism.
  5016 | D:6      | 5016 ||| INVOKING Heroism.
  5021 | D:6      | Reached XP level 8. HP: 46/46 MP: 9/12
  5158 | D:6      | Noticed Prince Ribbit
  5159 | D:6      | 5159 ||| INVOKING Heroism.
  5172 | D:6      | Killed Prince Ribbit
  5173 | D:6      | Reached skill level 3 in Invocations
  5377 | D:6      | 5377 ||| READING scroll labelled UQEFOPL GORE.
  5378 | D:6      | 5378 ||| READING scroll labelled ZIERGHI HIXEJE.
  5409 | D:7      | 5409 ||| Stepping ~*~*~tactically~*~*~ (stealth).
  5419 | D:7      | 5419 ||| INVOKING Heroism.
  5421 | D:7      | Reached ** piety under Okawaru
  5422 | D:7      | Reached skill level 9 in Axes
  5437 | D:7      | HP: 11/46 [poisoned by a killer bee]
  5438 | D:7      | 5438 ||| READING 2 scrolls of teleportation.
  5438 | D:7      | HP: 2/46 [white imp/puff of frost (5)]
  5438 | D:7      | Slain by a killer bee

Levels and vault maps discovered:
D:1:      tarquinn_simple_flora_water_b, layout_loops_ring,
          shapermc_ecumenical_altar_venn, minmay_crystal_room
D:2:      layout_basic, serial_forest, infiniplex_forest_clump_tiny,
          infiniplex_forest_zigzag_1, infiniplex_forest_clump_diagonal,
          infiniplex_forest_join, infiniplex_forest_end_2,
          infiniplex_forest_straight_4, infiniplex_forest_straight_5,
          infiniplex_forest_lined_4_way, infiniplex_forest_lined_room_2
D:3:      layout_basic, serial_shops, shop
D:4:      layout_loops_corners
D:5:      layout_loops_cross, minitemple, hex_large
D:6:      layout_basic, uniq_prince_ribbit1
D:7:      layout_gridville, minmay_temple_entry_poolview, minmay_fountain_box,
          minmay_fractal_squares_5

Skill      XL: |  1  2  3  4  5  6  7  8 |
---------------+-------------------------+-----
Axes           | 3 4 5 6 7 8 9 |  9.1
Armour         | 2 3 |  3.1
Fighting       | 3 |  3.4
Invocations    | 2 3 |  3.8
Throwing       | |  1.0
Dodging        | |  2.1
Spellcasting   | |  2.0
Translocations | |  2.4

Action                   |  1- 3 |  4- 6 |  7- 9 || total
-------------------------+-------+-------+-------++-------
Melee: Hand axe          |    75 |    90 |   105 ||   270
       Kick              |    10 |    24 |    25 ||    59
       Peck              |     9 |    14 |    28 ||    51
       Punch             |     1 |       |     2 ||     3
Throw: Boomerang         |    27 |    39 |    21 ||    87
Invok: Heroism           |       |       |     4 ||     4
  Use: Scroll            |     5 |     6 |     5 ||    16
       Potion            |       |     4 |       ||     4
Armor: Leather armour    |    15 |     5 |       ||    20
       Chain mail        |       |    36 |    68 ||   104
Dodge: Dodged            |    37 |    41 |    49 ||   127

Table legend:
 A = Non-vault XP
 B = Vault XP
 C = Vault XP percentage of total XP
 D = Non-vault monster count
 E = Vault monster count
 F = Vault count percentage of total count
                 A         B        C        D         E       F
            +---------+---------+-------+---------+---------+-------
      Total |    1446 |     400 |  21.7 |      94 |       3 |   3.1
            +---------+---------+-------+---------+---------+-------
        D:1 |      36 |       0 |   0.0 |      24 |       0 |   0.0
        D:2 |      33 |       0 |   0.0 |      11 |       0 |   0.0
        D:3 |      43 |       0 |   0.0 |      20 |       0 |   0.0
        D:4 |     110 |       0 |   0.0 |      12 |       0 |   0.0
        D:5 |     801 |       0 |   0.0 |      20 |       0 |   0.0
        D:6 |     364 |     264 |  42.0 |       6 |       1 |  14.3
        D:7 |      59 |     136 |  69.7 |       1 |       2 |  66.7
            +---------+---------+-------+---------+---------+-------
